 Dungeon Crawl Stone Soup version 0.18.1-6-gd335043 (webtiles) character file.

24 HungrySpirit the Insei (level 3, -1/23 HPs)
             Began as an Octopode Transmuter on May 18, 2016.
             Slain by a gnoll
             ... wielding a +0 halberd
              (18 damage)
             ... on level 2 of the Dungeon.
             The game lasted 00:01:34 (925 turns).

HungrySpirit the Insei (Octopode Transmuter)         Turns: 925, Time: 00:01:34

Health: -1/23      AC:  1    Str:  9    XL:     3   Next: 2%
Magic:  4/6        EV: 12    Int: 15    God:
Gold:   14         SH:  0    Dex: 13    Spells: 2 memorised, 3 levels left

rFire  . . .     SeeInvis .     d - +0 dagger (elec)
rCold  . . .     Gourm    .     (no shield)
rNeg   . . .     Faith    .     (helmet restricted)
rPois  .         Spirit   .     (no amulet)
rElec  .         Dismiss  .     (no ring)
rCorr  .         Reflect  .     (no ring)
SustAt .         Harm     .     (no ring)
MR     .....                    (no ring)
Stlth  ++........               (no ring)
                                (no ring)
                                (no ring)
                                (no ring)

@: not resistant to hostile enchantments, unstealthy
A: almost no armour, amphibious, 8 rings, constrict 8, camouflage 1, gelatinous
body 1
a: no special abilities


You were on level 2 of the Dungeon.
You were not hungry.

You visited 1 branch of the dungeon, and saw 2 of its levels.

You collected 14 gold pieces.

Inventory:

Hand Weapons
 d - a +0 dagger of electrocution (weapon)
Missiles
 a - 11 arrows
 h - a throwing net (quivered)
Scrolls
 f - a scroll of amnesia {unknown}
 g - a scroll of fear {unknown}
 i - a scroll of enchant armour {unknown}
Potions
 e - a potion of flight {unknown}
 j - 2 potions of heal wounds {unknown}
Books
 b - a book of Changes

   Spells                             Type                      Level
   a - Beastly Appendage              Transmutation                1
   b - Sticks to Snakes               Transmutation                2
   c - Spider Form                    Transmutation/Poison         3
   d - Ice Form                       Ice/Transmutation            4
   e - Blade Hands                    Transmutation                5
Comestibles
 c - a bread ration


   Skills:
 - Level 1.0 Fighting
 + Level 0.4 Short Blades
 + Level 2.3 Dodging
 * Level 3.5 Unarmed Combat
 - Level 2.0 Spellcasting
 + Level 2.3 Transmutations


You had 3 spell levels left.
You knew the following spells:

 Your Spells              Type           Power        Failure   Level  Hunger
a - Beastly Appendage     Trmt           #.....       12%         1    #......
b - Sticks to Snakes      Trmt           #.......     14%         2    ###....


Dungeon Overview and Level Annotations

Branches:
Dungeon (2/15)

Altars:


Innate Abilities, Weirdness & Mutations

You cannot wear most types of armour.
You are amphibious.
You can wear up to eight rings at the same time.
You can use your tentacles to constrict eight enemies at once.
Your skin changes colour to match your surroundings (Stealth).
Your rubbery body absorbs attacks (AC +1).


Message History

A giant newt is nearby!
The giant newt bites you.
You hit the giant newt.
There is a sudden explosion of sparks!
You kill the giant newt!
You have reached level 3!
Your experience leads to an increase in your attributes!
Increase (S)trength, (I)ntelligence, or (D)exterity?
You feel agile.
A goblin comes into view.
The goblin shouts!
You closely miss the goblin. Your grab misses the goblin.
The goblin completely misses you.
You hit the goblin but do no damage. You grab the goblin.
Your squeeze misses the goblin. You constrict the goblin. The goblin hits you.
Cast which spell? (? or * to list)
You create a snake!
You now have 11 arrows.
You constrict the goblin.
You kill the goblin!
The gnoll hits you from afar with a halberd!!
Ouch! That really hurt!
You die...

## #.## ## ...
.....###r# ###
.#..##..### .........
#..##..######
.#####..##..##...#####
....<.........r†......
.######.#.#.##g..####
#(.###....@†S.#
#.#.#.#######.#
#.##.## #.#### #.# #.#
#.# #.# #.#


You could see a gnoll, a quokka and a friendly ball python.

Vanquished Creatures
  A giant gecko (D:1)
  A bat (D:1)
  2 giant cockroaches (D:1)
  2 hobgoblins (D:1)
  7 kobolds (D:1)
  A giant newt (D:2)
  5 goblins
  2 rats (D:1)
21 creatures vanquished.

Notes
Turn   | Place    | Note
--------------------------------------------------------------
     0 | D:1      | HungrySpirit the Octopode Transmuter began the quest for the Orb.
     0 | D:1      | Reached XP level 1. HP: 13/13 MP: 3/3
   125 | D:1      | Reached XP level 2. HP: 18/18 MP: 5/5
   904 | D:2      | Learned a level 2 spell: Sticks to Snakes
   920 | D:2      | Reached XP level 3. HP: 20/23 MP: 6/6
   925 | D:2      | Slain by a gnoll

Action                   || total
-------------------------++-------
Melee: Unarmed           ||     5
       Dagger            ||    36
       Constrict         ||     9
       Tentacles         ||     5
 Cast: Sticks to Snakes  ||     1
 Stab: Sleeping          ||     5
Armor: Skin              ||     3
Dodge: Dodged            ||    23
